 Dungeon Crawl Stone Soup version 0.27.1-1-g398f81649c (webtiles) character file.

Game seed: 4542275828778698487

105 greenlake the Conjurer (level 4, -8/37 HPs)
             Began as a Draconian Conjurer on Sept 15, 2021.
             Mangled by an ice beast (10 damage)
             ... on level 3 of the Dungeon.
             The game lasted 00:05:41 (3360 turns).

greenlake the Conjurer (Draconian Conjurer)         Turns: 3360, Time: 00:05:42

Health: -8/37      AC:  5    Str:  9    XL:     4   Next: 53%
Magic:  8/8        EV: 12    Int: 19    God:
Gold:   136        SH:  0    Dex: 10    Spells: 6/9 levels left

rFire    . . .     SeeInvis .   h - +2 short sword (drain)
rCold    . . .     Faith    .   (no shield)
rNeg     . . .     Spirit   .   (armour unavailable)
rPois    .         Reflect  .   (helmet restricted)
rElec    .         Harm     .   (no cloak)
rCorr    .         Rampage  .   (no gloves)
Will     .....                  (no boots)
Stlth    ++........             (no amulet)
HPRegen  0.12/turn              (no ring)
MPRegen  0.11/turn              (no ring)

@: slowed, very slow
A: AC +5, unfitting armour, cold-blooded
a: no special abilities


You were on level 3 of the Dungeon.
You visited 1 branch of the dungeon, and saw 3 of its levels.

You collected 136 gold pieces.

Inventory:

Hand Weapons
 c - a +0 mace
 h - a +2 short sword of draining (weapon)
Missiles
 a - a throwing net
 j - 6 silver javelins
Jewellery
 l - a ring of fire
Scrolls
 d - 3 scrolls of identify {unknown}
 e - a scroll of teleportation {unknown}
 f - a scroll of enchant weapon {unknown}
 k - a scroll of summoning {unknown}
Potions
 b - 2 potions of curing {unknown}
 g - a potion of invisibility {unknown}
 i - a potion of heal wounds {unknown}
 m - a potion of brilliance {unknown}


   Skills:
 + Level 2.5 Fighting
 - Level 1.7 Dodging
 - Level 1.7 Stealth
 + Level 3.0 Spellcasting
 + Level 4.7 Conjurations


You had 6 spell levels left.
You knew the following spells:

 Your Spells              Type           Power      Damage    Failure   Level
a - Magic Dart            Conj           84%        1d7       2%          1
b - Searing Ray           Conj           42%        3d4       3%          2

Your spell library contained the following spells:

 Spells                   Type           Power      Damage    Failure   Level
 Dazzling Flash           Conj/Hex       22%        N/A       17%         3
 Fulminant Prism          Conj/Hex       5%         3d7       50%         4
 Iskenderun's Mystic Bla  Conj/Tloc      11%        2d4       50%         4


Dungeon Overview and Level Annotations

Branches:
Dungeon (3/15)

Altars:

Shops:
D:3 [


Innate Abilities, Weirdness & Mutations

Your plain brown scales are hard. (AC +5)
You cannot fit into any form of body armour.
You are cold-blooded and may be slowed by cold attacks.


Message History

You hit the orc but do no damage. The orc barely misses you.
You hit the orc. You drain the orc.
You kill the orc!
No target in view!
No target in view!
No target in view!
No target in view!
Things that are here:
a +0 mace; a +0 scale mail; an orc corpse You see here a +0 short sword.
An ice beast comes into view.
An ice beast is nearby!
The ice beast barely misses you.
You hit the ice beast.
The ice beast is moderately wounded.
The ice beast hits you but does no damage.
You hit the ice beast but do no damage.
The ice beast is moderately wounded.
The ice beast hits you but does no damage.
You barely miss the ice beast.
The ice beast is moderately wounded.
The ice beast hits you. The ice beast freezes you.
You feel yourself slow down. The ice beast barely misses you.
You barely miss the ice beast.
The ice beast is moderately wounded.
The ice beast hits you. The ice beast freezes you!
You feel as though you will be slow longer.
You hit the ice beast but do no damage. You drain the ice beast.
The ice beast is moderately wounded.
The ice beast hits you. The ice beast freezes you!
* * * LOW HITPOINT WARNING * * *
The ice beast hits you.
* * * LOW HITPOINT WARNING * * *
The ice beast freezes you.
* * * LOW HITPOINT WARNING * * *
You feel yourself speed up. The ice beast hits you.
* * * LOW HITPOINT WARNING * * *
The ice beast freezes you!
You feel yourself slow down.
You die...

#################
#.......Y........
#......@#########
###.#####.##
#..........#
#######.#.#####..#
#.......#.# #..#
##.#######.# #..#
#..>.......# #..#
...........# #..#
...######### #..#


You could see an ice beast (drained).

Vanquished Creatures
  3 adders
  A river rat (D:3)
  5 worms
  2 dart slugs
  An orc (D:3)
  5 bats
  5 endoplasms
  A giant cockroach (D:2)
  4 goblins
  4 hobgoblins
  3 kobolds
  4 quokkas
  3 ball pythons (D:3)
  A frilled lizard (D:1)
  8 rats
50 creatures vanquished.

Notes
Turn   | Place    | Note
-------+----------+-------------------------------------------
     0 | D:1      | greenlake the Draconian Conjurer began the quest for the
                  | Orb.
     0 | D:1      | Reached XP level 1. HP: 14/14 MP: 3/3
   275 | D:1      | Found a faded altar of an unknown god.
   405 | D:1      | Reached XP level 2. HP: 5/22 MP: 3/5
   468 | D:1      | Reached skill level 1 in Fighting
  1517 | D:2      | Reached XP level 3. HP: 28/28 MP: 3/6
  2590 | D:3      | Found a glowing drain.
  2602 | D:3      | Reached XP level 4. HP: 32/36 MP: 8/8
  2617 | D:3      | Learned a level 2 spell: Searing Ray
  2752 | D:3      | Found Lokh's Antique Armour Shoppe.
  3351 | D:3      | Noticed an ice beast
  3360 | D:3      | Mangled by an ice beast

Illustrated notes

Levels and vault maps discovered:
D:1:      nicolae_arrival_somewhat_less_tricky_arrival, layout_basic,
          ebering_ecumenical_altar_petrified, hangedman_decor_lopped
D:2:      layout_basic
D:3:      layout_loops_ring, serial_shops, nicolae_shop_trees,
          cheibrodos_sewer_entry_sluice

Skill      XL: |  1  2  3  4 |
---------------+-------------+-----
Fighting       | 1 2 |  2.5
Spellcasting   | 3 |  3.0
Dodging        | |  1.7
Stealth        | |  1.7
Conjurations   | |  4.7

Action                   |  1- 3 |  4- 6 || total
-------------------------+-------+-------++-------
Melee: Mace              |    60 |       ||    60
       Tailslap          |     6 |     7 ||    13
       Short sword       |    15 |    43 ||    58
 Cast: Magic Dart        |    53 |     5 ||    58
 Stab: Sleeping          |       |     3 ||     3
Armor: Skin              |    22 |    15 ||    37
Dodge: Dodged            |    47 |    25 ||    72
